 Dungeon Crawl Stone Soup version 0.29.0-4-gdea44cf6ec (webtiles) character file.

Game seed: 9019832046310547489

231 inmateoo the Trooper (level 5, -6/42 HPs)
             Began as a Demonspawn Monk on Aug 27, 2022.
             Killed by nerve-wracking pain
             ... invoked by an orc priest
              (13 damage)
             ... on level 3 of the Dungeon.
             The game lasted 00:04:27 (3816 turns).

inmateoo the Trooper (Demonspawn Monk)              Turns: 3816, Time: 00:04:28

Health: -6/42      AC:  9    Str: 13    XL:     5   Next: 73%
Magic:  5/5        EV: 10    Int: 12    God:
Gold:   172        SH:  4    Dex: 15    Spells: 4/4 levels left

rFire   + . .      SeeInvis .     - Unarmed
rCold   . . .      Faith    .   (no shield)
rNeg    . . .      Spirit   .   h - +0 scale mail
rPois   .          Reflect  .   i - +1 helmet
rElec   .          Harm     .   (no cloak)
rCorr   .          Rampage  .   (no gloves)
Will    +....                   l - +0 pair of boots
Stlth   +.........              (no amulet)
HPRegen 0.14/turn               a - ring of willpower
MPRegen 0.09/turn               n - ring of protection from fire

@: no status effects
A: large bone plates 1, demonic guardian 1, weakness stinger 1
a: no special abilities


You were on level 3 of the Dungeon.
You visited 1 branch of the dungeon, and saw 3 of its levels.
You also visited: Sewer.

You collected 172 gold pieces.

Inventory:

Missiles
 d - 5 poisoned darts (quivered)
Armour
 h - a +0 scale mail (worn)
 i - a +1 helmet (worn)
 l - a +0 pair of boots (worn)
Jewellery
 a - a ring of willpower (left hand)
 n - a ring of protection from fire (right hand)
Wands
 m - a wand of digging (3)
Scrolls
 f - 2 scrolls of identify
 g - 3 scrolls of teleportation
 o - a scroll of fear {unknown}
Potions
 b - a potion of ambrosia
 c - 3 potions of flight
 e - a potion of brilliance {unknown}
 j - a potion of cancellation
 k - a potion of lignification {unknown}


   Skills:
 + Level 4.1 Fighting
 + Level 2.2 Armour
 + Level 3.7 Dodging
 - Level 2.0 Stealth
 + Level 3.7 Unarmed Combat


You had 4 spell levels left.
You didn't know any spells.
Your spell library was empty.

Dungeon Overview and Level Annotations

Branches:
Dungeon (3/15)              Sewer (visited)

Altars:
Sif Muna


Innate Abilities, Weirdness & Mutations

You are partially covered in large bone plates. (SH +4)
A weak demonic guardian rushes to your aid.
You have a small tail.


Message History

You closely miss the orc.
The orc is severely wounded.
The orc hits you but does no damage.
You barely miss the orc.
The orc is heavily wounded.
The orc closely misses you.
You hit the orc.
You kill the orc!
You closely miss the frilled lizard. You block the frilled lizard's attack.
You hit the frilled lizard but do no damage.
Your tail-slap misses the frilled lizard.
The frilled lizard bites you but does no damage.
You punch the frilled lizard!
You kill the frilled lizard!
You hit the orc priest but do no damage.
You tail-slap the orc priest.
The orc priest is moderately wounded.
The orc priest calls down the wrath of Beogh upon you.
Beogh smites you!
You hit the orc priest but do no damage.
Your tail-slap misses the orc priest.
The orc priest is moderately wounded.
The orc priest closely misses you.
You are too injured to fight recklessly!
You hit the orc priest. You tail-slap the orc priest.
The orc priest is severely wounded.
Your ufetubus disappears in a puff of smoke!
The orc priest hits you but does no damage.
You barely miss the orc priest. You tail-slap the orc priest.
The orc priest is almost dead.
The orc priest calls down the wrath of Beogh upon you.
Beogh smites you!
* * * LOW HITPOINT WARNING * * *
A demonic guardian appears!
You are too injured to fight recklessly!
You hit the orc priest.
The orc priest is almost dead.
The orc priest mumbles some strange prayers to Beogh against you.
Pain shoots through your body!
You die...

#..........+..# #.
#..........##.# ##
..#.)...........# #
≈§[...........#..# #+# #
.○≈......o.l......# #.# #
_≈≈..#########....#####.#
## ≈☼≈.. #5#.....##.#
####. §≈≈.
#o#..##....###.... ....
#@#..####......... #§#..#
#.##...### #.#..#
#.>....... #.#..#
########## #.#..# #.#..#
#.#..# #.#


You could see an orc priest (ally target) and a friendly white imp (summoned).

Vanquished Creatures
  A merfolk siren (Sewer)
  A merfolk avatar (Sewer)
  2 adders (D:2)
  3 river rats (Sewer)
  2 worms
  3 dart slugs
  4 orcs (D:3)
  6 bats
  6 endoplasms
  7 giant cockroaches
  5 goblins
  3 hobgoblins
  3 kobolds
  5 quokkas
  6 ball pythons
  10 frilled lizards
  24 rats
91 creatures vanquished.

Vanquished Creatures (collateral kills)
  Jessica (D:2)
  An adder (Sewer)
  An endoplasm (D:3)
  A goblin (D:2)
  A ball python (D:1)
  2 frilled lizards
  A rat (Sewer)
8 creatures vanquished.

Grand Total: 99 creatures vanquished

Notes
Turn   | Place    | Note
-------+----------+-------------------------------------------
     0 | D:1      | inmateoo the Demonspawn Monk began the quest for the Orb.
     0 | D:1      | Reached XP level 1. HP: 18/18 MP: 1/1
     8 | D:1      | Noticed an electric eel
   146 | D:1      | Gained mutation: A weak demonic guardian rushes to your
                  | aid. [demonic ancestry]
   146 | D:1      | Reached XP level 2. HP: 24/24 MP: 2/2
  1024 | D:1      | Identified a scroll of acquirement
  1024 | D:1      | Acquired a ring of willpower
  1065 | D:2      | Reached skill level 1 in Armour
  1065 | D:2      | Reached XP level 3. HP: 10/29 MP: 3/3
  1303 | D:2      | Noticed Jessica
  1309 | D:2      | Killed Jessica
  1577 | D:2      | Gained mutation: You have a small tail. [demonic ancestry]
  1577 | D:2      | Reached XP level 4. HP: 16/35 MP: 4/4
  2412 | D:3      | Found a glowing drain.
  2434 | Sewer    | Entered a sewer
  2725 | Sewer    | Gained mutation: You are partially covered in large bone
                  | plates. (SH +4) [demonic ancestry]
  2725 | Sewer    | Reached XP level 5. HP: 38/42 MP: 5/5
  3128 | Sewer    | Reached skill level 4 in Fighting
  3237 | D:3      | Found a faded altar of an unknown god.
  3777 | D:3      | Found a shimmering blue altar of Sif Muna.
  3816 | D:3      | Killed from afar by an orc priest

Illustrated notes

Levels and vault maps discovered:
D:1:      arrival_aquarium_a, layout_basic
D:2:      wander_river, layout_basic, uniq_jessica
D:3:      layout_basic, nicolae_sif_muna_condensation,
          hellmonk_ecumenical_altar_lost_god, gup_sewer_entry_pipe

Skill      XL: |  1  2  3  4  5 |
---------------+----------------+-----
Stealth        | 2 |  2.0
Dodging        | 3 |  3.7
Armour         | 1 2 |  2.2
Unarmed Combat | 3 |  3.7
Fighting       | 4 |  4.1

Action                   |  1- 3 |  4- 6 || total
-------------------------+-------+-------++-------
Melee: Unarmed           |   148 |   282 ||   430
       Punch             |     3 |     3 ||     6
       Tailslap          |       |    34 ||    34
Throw: Dart              |     4 |       ||     4
  Use: Scroll            |     2 |     3 ||     5
       Potion            |       |     2 ||     2
 Stab: Sleeping          |     3 |     1 ||     4
       Distracted        |       |     1 ||     1
Armor: Robe              |    16 |       ||    16
       Ring mail         |    20 |    83 ||   103
       Scale mail        |       |    22 ||    22
Dodge: Dodged            |    99 |   125 ||   224
Block: Other             |       |    22 ||    22
